[Event "Early-Titled-Tuesday-Blitz-October-24-2023"]
[Site "Chess.com"]
[Date "2023.10.24"]
[Round "3"]
[White "koncheto"]
[Black "InitiatingASC"]
[Result "1-0"]
[WhiteElo "2533"]
[BlackElo "2332"]
[TimeControl "180+1"]
[EndTime "8:28:08 PDT"]
[Termination "koncheto won on time"]

1. e4 e5 2. Nf3 Nf6 3. Nxe5 d6 4. Nf3 Nxe4 5. d4 d5 6. Bd3 Nc6 7. h3 Be7 8. O-O O-O 9. c4 Nb4 10. Nc3 Nxc3 11. bxc3 Nxd3 12. Qxd3 dxc4 13. Qxc4 Be6 14. Qd3 c5 15. Bf4 cxd4 16. cxd4 Rc8 17. Rfc1 Qd5 18.
Rxc8 Rxc8 19. a4 h6 20. Re1 Bb4 21. Re5 Qa2 22. Rb5 a5 23. d5 Rd8 24. d6 Qxa4 25. Rxb7 Qc6 26. Qb5 Qxb5 27. Rxb5 Bc4 28. Rb6 g5 29.
Bg3 Bd5 30. Nd4 Bc3 31. Nf5 Be6 32. Nxh6+ Kg7 33. Ng4 a4 34. Ra6 Bb3 35. Ne5 Bb2 36.
Nd3 a3 37. Nxb2 axb2 38. Be5+ Kg6 39. Bxb2 Kf5 40. Ra5+ Ke6 41. Rxg5 Rxd6 42. Re5+ Kd7 43. h4 Bc2 44. h5 Rb6 45. Bd4 Rh6 46. Be3 Rh8 47.
g4 Kd6 48. Ra5 Ke7 49. h6 Bg6 50. Kh2 Rb8 51. Kg3 Rb4 52. Bc5+ Kd7 53. Bxb4 1-0

[Event "Early-Titled-Tuesday-Blitz-October-24-2023"]
[Site "Chess.com"]
[Date "2023.10.24"]
[Round "3"]
[White "carokannlover213"]
[Black "bardiya_Daneshvar"]
[Result "1-0"]
[WhiteElo "2737"]
[BlackElo "2963"]
[TimeControl "180+1"]
[EndTime "8:28:10 PDT"]
[Termination "carokannlover213 won on time"]

1. e4 g6 2. d4 Bg7 3. Nc3 d6 4. Be3 a6 5. g4 b5 6. Bg2 Bb7 7. h4 h6 8. Nge2 Nd7 9. Ng3 c5 10. h5 cxd4 11. Bxd4 e5 12. Be3 Ndf6 13. g5 hxg5 14.
hxg6 Rxh1+ 15. Bxh1 fxg6 16. Bxg5 Rc8 17. Bf3 b4 18. Nd5 Bxd5 19. exd5 Qc7 20. Rc1 Qc4 21.
Qe2 Qxa2 22. Qd3 Ne7 23. Bxf6 Bxf6 24. Ne4 Qxb2 25. Kd1 Rc3 26. Nxc3 bxc3 27. Qxa6 Qb4 28. Qd3 Kf7 29. Qe4 Qb2 30. Qe3 Nf5 31. Qa7+ Ne7 32. Ra1 Qb5 33. Qa6 Qc5 34. Qe2 Bg5 35. Be4 Qd4+ 36.
Ke1 Qb4 37. Rd1 Bd2+ 38. Kf1 Qd4 39. Qf3+ Kg7 40. Kg2 Qb6 41. Rh1 Qd8 42. Qh3 Qg8 43. Qd7 Qf7 44. Qe6 Qxe6 45. dxe6 Kf6 46. Rh7 d5 47.
Bf3 e4 48. Bg4 Nf5 49. Bxf5 1-0

[Event "Early-Titled-Tuesday-Blitz-October-24-2023"]
[Site "Chess.com"]
[Date "2023.10.24"]
[Round "3"]
[White "motivated_bishop"]
[Black "OhanyanEminChess"]
[Result "0-1"]
[WhiteElo "2547"]
[BlackElo "2816"]
[TimeControl "180+1"]
[EndTime "8:28:10 PDT"]
[Termination "OhanyanEminChess won on time"]

1. d4 d5 2. c4 c6 3. cxd5 cxd5 4. Bf4 Nf6 5. Nc3 Nc6 6. e3 Bf5 7. Qb3 Na5 8. Qa4+ Bd7 9. Qc2 e6 10. Bd3 Rc8 11. Nf3 Bb4 12. O-O O-O 13. Rfc1 Bxc3 14. bxc3 Nc4 15. Ne5 Bb5 16. a4 Ba6 17. Bg5 h6 18.
Bxf6 gxf6 19. Nf3 f5 20. Qe2 Qa5 21. Nh4 Nd6 22. Bxa6 Qxa6 23. Qh5 Kg7 24. Kh1 Ne4 25. Rf1 Rxc3 26. Qf3 Rfc8 27. Qf4 Qd6 28. Qxd6 Nxd6 29.
Nf3 R8c4 30. h3 Rb4 31. Kg1 Nc4 32. Rfb1 Rxb1+ 33. Rxb1 b6 34. Rb4 Ra3 35. Ne5 Nd2 36.
g4 fxg4 37. hxg4 Ne4 38. Nc6 a5 39. Rxb6 Rxa4 40. Rb7 Ra1+ 41. Kg2 Ra2 42. Nd8 Rxf2+ 43. Kg1 Kg6 44. Nc6 f6 45. Nxa5 Rf3 46. Rb3 Rg3+ 47.
Kh2 Rxg4 48. Rb6 Ng5 49. Nc6 Kh5 50. Nd8 Kh4 51. Rb1 Rg3 0-1

[Event "Early-Titled-Tuesday-Blitz-October-24-2023"]
[Site "Chess.com"]
[Date "2023.10.24"]
[Round "3"]
[White "Bilan_Danila"]
[Black "GMJustin"]
[Result "0-1"]
[WhiteElo "2403"]
[BlackElo "2216"]
[TimeControl "180+1"]
[EndTime "8:28:10 PDT"]
[Termination "GMJustin won by resignation"]

1. d4 Nf6 2. Nf3 d5 3. c4 e6 4. Nc3 Nbd7 5. Bg5 Be7 6. e3 O-O 7. Bd3 dxc4 8. Bxc4 c6 9. O-O Nd5 10. Bxe7 Qxe7 11. e4 Nxc3 12. bxc3 e5 13. Re1 Nb6 14. Nxe5 Nxc4 15. Nxc4 Be6 16. Ne3 Rad8 17. Qc2 f6 18. Rad1 Qf7 19. c4 f5 20. d5 cxd5 21. exd5 Bc8 22.
f4 Rfe8 23. Nf1 Qf6 24. Qd2 b6 25. Rxe8+ Rxe8 26. Re1 Rxe1 27. Qxe1 Qd4+ 28. Qe3 Qxe3+ 29. Nxe3 Kf7 30. Kf2 Ke7 31. Ke2 Kd6 32. Kd3 Kc5 33. Kc3 Bd7 34. g3 a6 35. a3 b5 36. cxb5 axb5 37.
Kd3 Bc8 38. Kc3 Bd7 39. Nc2 Kxd5 40. Nd4 Ke4 41. Nb3 Kf3 42. Nc5 Bc8 43. Kb4 Kg2 44.
Kxb5 Kxh2 45. a4 Kxg3 46. a5 h5 47. Kb6 h4 48. Nb7 h3 49. a6 h2 50. a7 Bxb7 51.
Kxb7 h1=Q+ 52. Kb8 Kxf4 53. a8=Q Qxa8+ 54. Kxa8 Ke5 55. Kb7 f4 0-1

[Event "Early-Titled-Tuesday-Blitz-October-24-2023"]
[Site "Chess.com"]
[Date "2023.10.24"]
[Round "3"]
[White "ilushka"]
[Black "m_ezat"]
[Result "1-0"]
[WhiteElo "2453"]
[BlackElo "2598"]
[TimeControl "180+1"]
[EndTime "8:28:11 PDT"]
[Termination "ilushka won by checkmate"]

1. e4 c6 2. Nf3 d5 3. Nc3 Bg4 4. h3 Bh5 5. g4 Bg6 6. exd5 cxd5 7. Ne5 Nc6 8. Bb5 Rc8 9. d4 e6 10. Bf4 Bb4 11. Qd2 Ne7 12. Nxg6 Nxg6 13. Be3 Qa5 14.
Bd3 Nh4 15. Ke2 Ng2 16. a3 Bxc3 17. Qxc3 Qxc3 18. bxc3 Nxe3 19. fxe3 Na5 20. Kd2 b6 21. Rhe1 Rc7 22. e4 dxe4 23. Rxe4 O-O 24. Ba6 Rd8 25. Kd3 g6 26. g5 Rxd4+ 27. Rxd4 Nc6 28. Re4 Ne7 29.
a4 Nd5 30. a5 Rxc3+ 31. Kd2 Rxh3 32. axb6 axb6 33. Bc4 Rh2+ 34. Re2 Rh5 35. Bxd5 exd5 36. Rg1 h6 37. gxh6 Rxh6 38. Re5 Rh2+ 39. Kc3 d4+ 40. Kb3 Rh3+ 41. Kc4 Rc3+ 42. Kxd4 Rxc2 43. Rb1 Rc6 44. Reb5 Rf6 45. Rxb6 Rf5 46. Ke4 Kg7 47. Rd1 Rf2 48. Rdd6 Rf5 49. Rd7 Rf1 50. Rd3 Re1+ 51.
Kf4 Rf1+ 52. Rf3 Rc1 53. Rb7 Rc8 54. Kg5 Rf8 55. Rf6 Kg8 56. Kh6 g5 57. Kxg5 Kg7 58. Rc7 Kg8 59. Kh6 Re8 60. Rfxf7 Re6+ 61. Kg5 Re5+ 62.
Kf6 Re8 63. Rg7+ Kf8 64. Rcf7# 1-0

[Event "Early-Titled-Tuesday-Blitz-October-24-2023"]
[Site "Chess.com"]
[Date "2023.10.24"]
[Round "3"]
[White "jcibarra"]
[Black "djokovic74"]
[Result "1-0"]
[WhiteElo "2939"]
[BlackElo "2691"]
[TimeControl "180+1"]
[EndTime "8:28:12 PDT"]
[Termination "jcibarra won by resignation"]

1. e4 e6 2. d4 d5 3. Nc3 Nf6 4. Bg5 dxe4 5. Nxe4 Be7 6. Bxf6 gxf6 7. Nf3 f5 8. Nc3 a6 9. Qd2 b5 10. O-O-O Qd6 11.
Qe3 Nd7 12. d5 e5 13. g3 Qc5 14. Qd2 e4 15. Nd4 Ne5 16. Qf4 Ng6 17. Qe3 Ne5 18.
Qf4 Ng6 19. Qd2 Ne5 20. Nb3 Qb6 21. Kb1 Bd7 22. d6 Nf3 23. Qh6 Bg5 24. Qg7 O-O-O 25.
dxc7 Qxc7 26. Be2 Ne5 27. Nd5 Qd6 28. Qxg5 Rde8 29. Nf6 Qe7 30. Qh6 Qe6 31. Nc5 Qc6 32.
Ncxd7 Nxd7 33. Rxd7 Re6 34. Rxf7 e3 35. Rf8+ Kb7 36. Rf7+ Kb6 37. f3 Rd8 38. Qxh7 Rd2 39. Nd7+ Ka5 40. Qxf5 Red6 41. Rc1 Rxe2 42. Ne5 Qc5 43.
a3 b4 44. Nc4+ Kb5 45. Qxc5+ Kxc5 46. Nxd6 Kxd6 47. axb4 Rd2 48. Rf4 e2 49. Re4 Kd5 50. c3 Kd6 51. Rd4+ Rxd4 52. cxd4 Kd5 53. Re1 Kxd4 54.
Rxe2 1-0

[Event "Early-Titled-Tuesday-Blitz-October-24-2023"]
[Site "Chess.com"]
[Date "2023.10.24"]
[Round "3"]
[White "Alina_Gumerovna"]
[Black "ketster"]
[Result "1-0"]
[WhiteElo "2101"]
[BlackElo "2501"]
[TimeControl "180+1"]
[EndTime "8:28:12 PDT"]
[Termination "Alina_Gumerovna won by checkmate"]

1. e4 e5 2. Nf3 Nc6 3. d4 exd4 4. Nxd4 Bb4+ 5. c3 Bc5 6. Be3 Bb6 7. Na3 Nf6 8. f3 d5 9. Nxc6 bxc6 10. Bxb6 axb6 11.
exd5 Nxd5 12. Be2 Nxc3 13. Qc2 Nxe2 14. Qxc6+ Bd7 15. Qe4+ Be6 16. Qxe2 Qh4+ 17. g3 Qb4+ 18. Kf2 O-O 19. Rhd1 Rfd8 20. Rxd8+ Rxd8 21. Rd1 Rxd1 22. Qxd1 Qxb2+ 23. Nc2 g6 24. a3 c5 25. Qe2 Bf5 26.
Ne3 Qxe2+ 27. Kxe2 Be6 28. Kd2 Kf8 29. Nd1 Ke7 30.
Nc3 f5 31. Na4 Kd6 32. Nxb6 g5 33.
Kc3 f4 34. gxf4 gxf4 35. Nc4+ Kd5 36. Nb6+ Kc6 37. Nc4 Bd5 38. Nd2 Kb5 39. h4 Ka4 40. Kb2 c4 41. Kc3 Kxa3 42. Nxc4+ Ka4 43. Nb6+ Kb5 44.
Nxd5 Kc5 45. Nxf4 Kd6 46. Kd4 Ke7 47. Ke5 Kf7 48. Nd5 Kg7 49. f4 Kh6 50. f5 Kh5 51. f6 h6 52. f7 Kxh4 53. f8=Q h5 54. Qf4+ Kh3 55. Ne3 h4 56. Qf3+ Kh2 57. Qg2# 1-0

[Event "Early-Titled-Tuesday-Blitz-October-24-2023"]
[Site "Chess.com"]
[Date "2023.10.24"]
[Round "3"]
[White "Sjakkerntobi"]
[Black "amanmuhammethommadov"]
[Result "1-0"]
[WhiteElo "2490"]
[BlackElo "2685"]
[TimeControl "180+1"]
[EndTime "8:28:13 PDT"]
[Termination "Sjakkerntobi won by checkmate"]

1. e4 c5 2. Nf3 Nc6 3. d4 cxd4 4. Nxd4 g6 5. Nc3 Bg7 6. Be3 Nf6 7. Bc4 O-O 8. Bb3 d5 9. exd5 Na5 10. O-O Nxb3 11. Nxb3 b6 12. Qd2 Bb7 13. Rad1 Qd7 14. Qe2 Rac8 15. Rd2 Rfd8 16. Rfd1 Qg4 17. Qxg4 Nxg4 18.
Bd4 Nf6 19. Be5 Ne4 20. Nxe4 Bxe5 21. c3 Rc4 22. f3 a5 23. d6 e6 24. d7 Bxe4 25.
fxe4 a4 26. Na1 a3 27. bxa3 Rxe4 28. Nc2 Rc4 29. Nb4 Kf8 30. Re2 Bc7 31. Na6 Ke7 32. Red2 Be5 33. Nb4 Rc7 34. g3 Bxc3 35. Rc2 Bd4+ 36.
Rxd4 Rxc2 37. Nxc2 Rxd7 38. Rxd7+ Kxd7 39. Kf2 Kd6 40. Ke3 Kc5 41. Kd3 e5 42. Ne3 f5 43. Nc4 e4+ 44.
Kc3 b5 45. Ne3 h5 46. h4 Kc6 47. Kd4 Kb6 48. Nc2 Ka5 49. Kd5 Ka4 50. Kc5 g5 51.
hxg5 f4 52. gxf4 h4 53. Ne3 h3 54. Nf1 e3 55. g6 e2 56. g7 exf1=Q 57. g8=Q Qf2+ 58. Kd6 Qd2+ 59. Ke5 Qb2+ 60. Kf5 Qc2+ 61. Ke5 Qb2+ 62. Kf5 h2 63. Qa8# 1-0

[Event "Early-Titled-Tuesday-Blitz-October-24-2023"]
[Site "Chess.com"]
[Date "2023.10.24"]
[Round "3"]
[White "Doomfist26"]
[Black "verrbaa"]
[Result "1-0"]
[WhiteElo "2627"]
[BlackElo "2451"]
[TimeControl "180+1"]
[EndTime "8:28:13 PDT"]
[Termination "Doomfist26 won on time"]

1. e4 e5 2. Nf3 Nc6 3. Bb5 a6 4. Ba4 Nf6 5. O-O Be7 6. Re1 b5 7. Bb3 d6 8. c3 O-O 9. h3 Re8 10. d4 Bb7 11. Nbd2 Bf8 12. Bc2 g6 13. a3 Bg7 14. Nf1 Qe7 15. Ng3 Nb8 16. h4 Bc8 17. Nh2 c5 18. h5 cxd4 19. cxd4 exd4 20. h6 Bh8 21. Qxd4 Nc6 22. Qd1 Bb7 23. Bb3 Ne5 24. Bg5 Qd7 25. Qd2 Nc4 26. Qf4 Re6 27. Nf3 Rae8 28.
Nd4 Nd5 29. exd5 Rxe1+ 30. Rxe1 Rxe1+ 31. Kh2 Bxd5 32. Bf6 Ne5 33. f3 Bxb3 34. Bxh8 f5 35. Bf6 Nd3 36. Qd2 Re8 37. Nxb3 Ne5 38. Bxe5 Rxe5 39.
Nd4 Re8 40. Qc3 Qf7 41. Nde2 d5 42. Nf4 Rd8 43. Qd4 Rd7 44. Nh3 Qe7 45. Qf4 Rd6 46.
Ne2 Qf6 47. Nd4 Rd7 48. Ng5 Rd8 49. Nde6 Re8 50. Qc7 Re7 51. Qd8+ 1-0

[Event "Early-Titled-Tuesday-Blitz-October-24-2023"]
[Site "Chess.com"]
[Date "2023.10.24"]
[Round "3"]
[White "McCarthyStone"]
[Black "dosto07"]
[Result "1-0"]
[WhiteElo "2325"]
[BlackElo "2499"]
[TimeControl "180+1"]
[EndTime "8:28:15 PDT"]
[Termination "McCarthyStone won by checkmate"]

1. Nf3 d5 2. e3 Nf6 3. b3 Bg4 4. Bb2 Nbd7 5. Be2 e6 6. c4 c6 7.
Nc3 Bd6 8. h3 Bh5 9. d4 O-O 10.
O-O Ne4 11. Nxe4 dxe4 12. Nd2 Bxe2 13. Qxe2 f5 14. f4 a5 15. a4 Qe7 16. Nb1 Nf6 17.
Ba3 Bb4 18. Bxb4 axb4 19. Nd2 Rfd8 20. c5 Nd5 21. Nc4 Qh4 22. Rac1 Qg3 23. Qf2 Qxf2+ 24. Kxf2 Kf7 25. g4 Ke7 26. Ke2 Rf8 27. g5 Rh8 28. h4 Nc3+ 29. Rxc3 bxc3 30. Kd1 h6 31. g6 h5 32. Kc2 Kf6 33. Rg1 Rh6 34. Ne5 Ra6 35.
Kxc3 Rh8 36. Nd7+ Ke7 37. Ne5 Rb8 38. Nc4 Kf6 39. a5 Rba8 40. b4 Rh8 41. Nd6 Ra7 42. Nf7 Rf8 43. Ne5 Rh8 44. Rg5 Rh6 45. Nd7+ Ke7 46.
Ne5 Ra8 47. Kc4 Kf6 48. Nd7+ Ke7 49. Ne5 Rf8 50. Rg1 Rf6 51. Rg5 Rf8 52. Rg1 Kd8 53. b5 cxb5+ 54. Kxb5 Kc7 55. Nf7 Rxg6 56. Rxg6 Rxf7 57.
Rxe6 Rd7 58. Rg6 Rf7 59. Rg5 Kd7 60. Rxh5 Ke6 61. Rg5 Kd5 62. Rg6 Rd7 63. h5 Rc7 64. Rd6# 1-0

[Event "Early-Titled-Tuesday-Blitz-October-24-2023"]
[Site "Chess.com"]
[Date "2023.10.24"]
[Round "3"]
[White "El_Matador12"]
[Black "AndrewB92"]
[Result "0-1"]
[WhiteElo "2592"]
[BlackElo "2465"]
[TimeControl "180+1"]
[EndTime "8:28:16 PDT"]
[Termination "AndrewB92 won on time"]

1. d4 Nf6 2. Bg5 e6 3. Nd2 d5 4. e3 c5 5. c3 Nc6 6. Bd3 Be7 7. f4 h6 8. Bxf6 Bxf6 9. Ngf3 cxd4 10. exd4 O-O 11. O-O Qd6 12. Ne5 a6 13. Qh5 Bd7 14. Rf3 Qe7 15. Rg3 Kh8 16. Ndf3 Bxe5 17. fxe5 f5 18. exf6 Qxf6 19. Rg6 Be8 20. Rxf6 Bxh5 21. Rxf8+ Rxf8 22. Rf1 Bxf3 23. Rxf3 Rxf3 24. gxf3 g5 25. Kf2 Kg7 26. Ke3 Kf6 27. f4 g4 28. Kf2 h5 29.
Kg3 Kg7 30. Kh4 Kh6 31. h3 gxh3 32. Kxh3 Ne7 33. Kg3 Ng6 34. b3 b5 35. a4 bxa4 36.
bxa4 a5 37. c4 dxc4 38. Bxc4 Nf8 39. Kh4 Kg6 40. Bd3+ Kh6 41. Bc4 Kg6 42. Kg3 Kf5 43.
Bd3+ Kf6 44. Kh4 Ng6+ 45. Kg3 Ne7 46. Kf3 Nf5 47. Ke4 h4 48. d5 exd5+ 0-1

[Event "Early-Titled-Tuesday-Blitz-October-24-2023"]
[Site "Chess.com"]
[Date "2023.10.24"]
[Round "3"]
[White "JiaHaoxiang"]
[Black "Alex_Sahakyan2006"]
[Result "0-1"]
[WhiteElo "2582"]
[BlackElo "2744"]
[TimeControl "180+1"]
[EndTime "8:28:17 PDT"]
[Termination "Alex_Sahakyan2006 won by checkmate"]

1. d4 Nf6 2. Bf4 d5 3. Nf3 c5 4. dxc5 e6 5. e3 Bxc5 6. c4 Qb6 7. Qb3 Bb4+ 8. Nc3 Ne4 9. Be5 Nc6 10. Bxg7 Rg8 11. cxd5 exd5 12. Bd4 Nxd4 13. Nxd4 a5 14. f3 a4 15. Bb5+ Qxb5 16. Nxb5 axb3 17. Nc7+ Kd8 18.
Nxa8 Nxc3 19. Kf2 Nxa2 20. Nb6 d4 21. Rhd1 Bc5 22. Nxc8 Kxc8 23. exd4 Bb6 24. Rd3 Nb4 25. Rxb3 Bxd4+ 26. Kf1 Na6 27. Rd1 Be5 28. g3 Rg6 29.
f4 Bg7 30. Re3 Re6 31. Rxe6 fxe6 32. Rd6 Nc7 33. b3 Bf8 34. Rd3 Bc5 35. Ke2 b5 36.
Kf3 Be7 37. Ke4 Bf6 38. g4 b4 39. Rh3 Na6 40. Kd3 Bc3 41. Rxh7 Nc5+ 42. Kc4 Ne4 43.
h4 Nd2+ 44. Kd3 Nxb3 45. Re7 Kd8 46. Ra7 Nc5+ 47. Kc2 Bd4 48. Ra8+ Kc7 49. h5 b3+ 50. Kb1 Ne4 51. Ra3 Nd2+ 52. Kc1 b2+ 53. Kxd2 b1=Q 54. Rd3 Qb2+ 55. Kd1 Qf2 56. f5 exf5 57. gxf5 Kc6 58. h6 Kc5 59. h7 Qg1+ 60. Kc2 Qh2+ 61. Kb3 Qxh7 62. f6 Qxd3+ 63. Ka2 Qc2+ 64. Ka3 Bb2+ 65.
Ka2 Bc1+ 66. Ka1 Qb2# 0-1

[Event "Early-Titled-Tuesday-Blitz-October-24-2023"]
[Site "Chess.com"]
[Date "2023.10.24"]
[Round "3"]
[White "sjoerd893"]
[Black "abelmat"]
[Result "1-0"]
[WhiteElo "2517"]
[BlackElo "1996"]
[TimeControl "180+1"]
[EndTime "8:28:18 PDT"]
[Termination "sjoerd893 won on time"]

1. e4 e6 2. d4 d5 3. Nc3 dxe4 4. Nxe4 Nd7 5. Nf3 Ngf6 6. Bd3 Be7 7. O-O Nxe4 8. Bxe4 Nf6 9. Bd3 b6 10. c3 Bb7 11. h3 O-O 12. Bf4 Qd5 13. Re1 Qh5 14. Be2 Qd5 15. c4 Qd8 16. a3 Rc8 17. Rc1 c5 18. dxc5 Bxc5 19. b4 Be7 20. Qb3 Qe8 21.
Red1 Rd8 22. c5 Rxd1+ 23. Bxd1 Qc6 24. cxb6 Qxb6 25. Be3 Qb5 26. Nd4 Qe5 27. Bf3 Bd5 28. Bxd5 Nxd5 29. Nc6 Qe4 30. Nxe7+ Nxe7 31. Bxa7 Nd5 32.
Bc5 Rd8 33. a4 h6 34. a5 Nf4 35. f3 Qg6 36. Rc2 Qg3 37. Ra2 Nxh3+ 38. Kf1 Nf4 39. Be3 Nd5 40. Bf2 Qh2 41. Rd2 Qh1+ 42. Ke2 Qh5 43.
g4 Qg5 44. Be3 Nxe3 45. Qxe3 Rxd2+ 46. Qxd2 Qb5+ 47. Kf2 Qxb4 48. Qxb4 1-0

[Event "Early-Titled-Tuesday-Blitz-October-24-2023"]
[Site "Chess.com"]
[Date "2023.10.24"]
[Round "3"]
[White "AryanTari"]
[Black "Fan_Of_Chucky"]
[Result "0-1"]
[WhiteElo "2917"]
[BlackElo "2522"]
[TimeControl "180+1"]
[EndTime "8:28:20 PDT"]
[Termination "Fan_Of_Chucky won by resignation"]

1. b3 Nf6 2. Bb2 g6 3. Bxf6 exf6 4. c4 Bg7 5. Nc3 O-O 6. e3 f5 7.
Nge2 b6 8. h4 h5 9. Nf4 Bb7 10.
Be2 Bh6 11. Bf3 Bc6 12. g3 Bxf4 13. gxf4 Qf6 14. d4 Re8 15. Kd2 Bxf3 16. Qxf3 c6 17. Rag1 Kf8 18. Qg2 Na6 19. Qg5 Qg7 20. Ne2 c5 21. Qg2 Nb4 22. a3 Nc6 23. Qd5 cxd4 24.
exd4 Re4 25. f3 Re6 26. Re1 Rae8 27. Qxd7 Rd8 28. Qc7 Rxd4+ 29. Nxd4 Qxd4+ 30. Kc2 Qf2+ 31. Kd1 Qd4+ 32. Kc2 Qf2+ 33. Kd1 Nd4 34. Rxe6 Qxf3+ 35. Kd2 Nxb3+ 36. Kc2 Nd4+ 37. Kd2 Nb3+ 38. Kc2 Nd4+ 39. Kd2 Qf2+ 40. Kc3 Qc2+ 41. Kxd4 Qd2+ 42. Ke5 Qe3+ 43. Kd5 Qxe6+ 44. Kd4 Qe4+ 45. Kc3 Qxh1 46. Qxa7 Qc1+ 47.
Kd4 Qxf4+ 48. Kd5 Qe4+ 49. Kd6 Qd4+ 50. Kc6 Qxc4+ 51. Kd7 Qd4+ 52. Kc8 f4 53. Qa8 Kg7 54. Qb7 Qc3+ 55. Kb8 f3 56. Qxb6 Qe5+ 57. Ka8 Qe4+ 58. Kb8 Qf4+ 59. Ka8 f2 60. Qb2+ Qf6 61. Qxf2 Qxf2 0-1

[Event "Early-Titled-Tuesday-Blitz-October-24-2023"]
[Site "Chess.com"]
[Date "2023.10.24"]
[Round "3"]
[White "Adnan_Habib"]
[Black "vishwa_vijeta"]
[Result "0-1"]
[WhiteElo "2323"]
[BlackElo "2533"]
[TimeControl "180+1"]
[EndTime "8:28:20 PDT"]
[Termination "vishwa_vijeta won by checkmate"]

1. d4 Nf6 2. c4 g6 3. Nf3 d5 4. cxd5 Nxd5 5. e4 Nb6 6. h3 Bg7 7. Nc3 c6 8. Be3 O-O 9. Qd2 Be6 10. b3 Na6 11. Be2 Rc8 12. O-O Nb4 13. Rac1 a5 14.
Rfd1 f5 15. Ng5 Bd7 16. a3 Na6 17. d5 cxd5 18. Bxb6 Qxb6 19. Nxd5 Qd6 20. Bc4 Kh8 21.
Qe3 Qc5 22. Qxc5 Nxc5 23. Nxe7 Rce8 24. b4 Rxe7 25. bxc5 h6 26. Nf3 fxe4 27. Nh4 Kh7 28. Rd6 Bf6 29. Rcd1 Bc6 30. g3 e3 31. fxe3 Rxe3 32.
Kh2 Bxh4 33. gxh4 Rf2+ 34. Kg1 Rg2+ 35. Kf1 Rc2 36. Rd7+ Bxd7 37. Rxd7+ Kh8 38. Rd8+ Kg7 39. Be2 Rexe2 40. Rd7+ Kf6 41. Rd6+ Ke5 42. Rd8 Red2 43. Re8+ Kf6 44. Rf8+ Kg7 45. Re8 Rd1+ 46. Re1 Rxe1+ 47. Kxe1 Rxc5 48. Kd2 b6 49. Kd3 Rh5 50. Kd4 Rxh4+ 51. Kd5 Rxh3 52. Kc6 Rxa3 53. Kxb6 a4 54. Kb5 Ra1 55.
Kb4 a3 56. Kc3 Rb1 57. Kc2 a2 58. Kc3 a1=Q+ 59. Kc4 h5 60. Kc5 h4 61. Kd5 h3 62.
Ke4 Qc3 63. Kd5 Rd1+ 64. Ke6 Qc6+ 65. Ke5 Qd6+ 66. Ke4 Rd4+ 67. Ke3 Qf4+ 68. Ke2 Rd2+ 69. Ke1 Qf2# 0-1

[Event "Early-Titled-Tuesday-Blitz-October-24-2023"]
[Site "Chess.com"]
[Date "2023.10.24"]
[Round "3"]
[White "mbachez"]
[Black "Buzhizhebuguai"]
[Result "0-1"]
[WhiteElo "2458"]
[BlackElo "2637"]
[TimeControl "180+1"]
[EndTime "8:28:21 PDT"]
[Termination "Buzhizhebuguai won on time"]

1. e4 c6 2. Nf3 d5 3. exd5 cxd5 4.
Ne5 Nc6 5. d4 e6 6. c3 Bd6 7.
Bb5 Ne7 8. Qe2 f6 9. Nf3 O-O 10. O-O Nf5 11. Rd1 Kh8 12. Nbd2 a6 13. Bd3 b5 14. Nf1 Ra7 15. Ng3 g5 16. a4 b4 17.
Nxf5 exf5 18. c4 f4 19. cxd5 Ne7 20. Nd2 Nxd5 21. Nc4 Re7 22. Qh5 Bb8 23. Bd2 Be6 24.
Re1 Qd7 25. Qh6 Rg7 26. f3 Bf5 27. Be4 Bxe4 28. Rxe4 Ba7 29. Kh1 Nb6 30. Nxb6 Bxb6 31. Bxb4 Rff7 32. Rae1 Bd8 33. Re8+ Rg8 34. Rxg8+ Kxg8 35. d5 Be7 36. d6 Bf8 37. Qh5 Bxd6 38. Rd1 Qxa4 39. Rc1 Qxb4 40. h4 Bf8 41. hxg5 Qb5 42. Rc8 Qxg5 43. Qh3 Qe5 44. Qg4+ Qg5 45. Qh3 Re7 46.
Rc1 Re3 0-1

[Event "Early-Titled-Tuesday-Blitz-October-24-2023"]
[Site "Chess.com"]
[Date "2023.10.24"]
[Round "3"]
[White "jk13"]
[Black "ContrVersia"]
[Result "0-1"]
[WhiteElo "2687"]
[BlackElo "2919"]
[TimeControl "180+1"]
[EndTime "8:28:22 PDT"]
[Termination "ContrVersia won by resignation"]

1. e4 c5 2. c3 a6 3. Nf3 d5 4.
exd5 Qxd5 5. d4 Bg4 6. Nbd2 cxd4 7. Bc4 Bxf3 8. Bxd5 Bxd1 9. Kxd1 dxc3 10. bxc3 Nc6 11. Rb1 e6 12. Bf3 O-O-O 13. Bxc6 bxc6 14. Rb6 Nf6 15. Ke2 Nd5 16. Rxc6+ Kb7 17. Rc4 Be7 18. Bb2 f5 19.
Rb1 Bf6 20. Ba3+ Ka7 21. Rb3 Rc8 22. Rxc8 Rxc8 23. c4 Nf4+ 24. Kf3 g5 25. g3 Ng6 26.
Ke2 g4 27. Bd6 Ne5 28. Bxe5 Bxe5 29. Re3 Bd4 30. Rxe6 Rc7 31. Nb3 Bb6 32. Nd2 Rf7 33. Nb3 Rc7 34. Nd2 a5 35. f3 Bg1 36. fxg4 fxg4 37.
Re4 Bxh2 38. Rxg4 Bg1 39. Nf3 Bc5 40. Kd3 a4 41. Kc3 Rf7 42. Rf4 Rxf4 43. gxf4 h5 44. Kd3 Kb6 45. f5 Kc7 46. Ke4 Kd6 47. Ng5 Ke7 48.
Kd5 Bg1 49. Nf3 Bf2 50. Kc6 Kf6 51. c5 Kxf5 52. Kb5 Kf4 53. Nh2 Bg3 54. c6 Ke4 55.
Nf1 Bc7 56. Ka6 h4 57. Kb7 Be5 58. c7 Bxc7 59. Kxc7 Kd4 60. Kb6 a3 61. Kb5 Kc3 62. Ka4 Kb2 63. Kb4 Kxa2 64. Kc3 Kb1 65. Nd2+ Kc1 66.
Kb3 Kxd2 67. Kxa3 h3 0-1

[Event "Early-Titled-Tuesday-Blitz-October-24-2023"]
[Site "Chess.com"]
[Date "2023.10.24"]
[Round "3"]
[White "BeautiFullMindChess"]
[Black "AlexOstrovskiy"]
[Result "0-1"]
[WhiteElo "2257"]
[BlackElo "2611"]
[TimeControl "180+1"]
[EndTime "8:28:24 PDT"]
[Termination "AlexOstrovskiy won by resignation"]

1. e4 d5 2. exd5 Nf6 3. d4 Bg4 4.
Be2 Bxe2 5. Qxe2 Qxd5 6. Nf3 e6 7.
O-O Nc6 8. Bf4 O-O-O 9. c3 Qf5 10. Bg3 h5 11. h4 Ne4 12. Nbd2 Nxg3 13. fxg3 Qg4 14.
Ne4 Be7 15. Kh2 Bd6 16. Rae1 Qg6 17. Nxd6+ Rxd6 18. Ng5 Rd7 19. b4 Nd8 20. Nf3 f6 21. b5 Re8 22. a4 Nf7 23. a5 e5 24.
b6 cxb6 25. axb6 a6 26. dxe5 fxe5 27. Qc4+ Kb8 28. Nd4 Rc8 29. Qa4 Qd6 30. Nf5 Qc6 31. Qa2 Qxb6 32. Ne3 Qc7 33. c4 Nd6 34. Nd5 Qc5 35.
Rc1 Nxc4 36. Nc3 Rdc7 37. Ne4 Qd4 38. Rfe1 Nb6 39. Rcd1 Qc4 40. Qa1 Qc6 41. Qxe5 Nc4 42. Qf4 Ka8 43. Ng5 Qb5 44. Qf3 Nb2 45. Qf1 Nxd1 46.
Rxd1 Qxf1 47. Rxf1 b5 48. Rf5 Kb7 49. Ne6 Rc6 50.
Nd4 Kb6 51. Nxc6 Rxc6 52. Rf4 Rc7 53. Rf5 Rc6 54. Rg5 g6 55. Re5 b4 56. Re7 a5 57.
Re4 Kb5 58. Re5+ Ka4 59. Re4 Ka3 60. g4 hxg4 61. Rxg4 b3 62. Rg5 a4 63. Rg3 Ka2 64.
Rg4 a3 65. Rg5 b2 66. Rb5 b1=Q 0-1

[Event "Early-Titled-Tuesday-Blitz-October-24-2023"]
[Site "Chess.com"]
[Date "2023.10.24"]
[Round "3"]
[White "seopie"]
[Black "DTChess"]
[Result "1-0"]
[WhiteElo "2911"]
[BlackElo "2682"]
[TimeControl "180+1"]
[EndTime "8:28:31 PDT"]
[Termination "seopie won on time"]

1. c4 Nf6 2. Nc3 g6 3. d4 Bg7 4. e4 d6 5. h3 O-O 6. Be3 c5 7. Nf3 cxd4 8. Nxd4 Nc6 9. Be2 Bd7 10. O-O a6 11. Rc1 Rc8 12. b3 Nxd4 13. Bxd4 Bc6 14. Qd3 Nd7 15. Bxg7 Kxg7 16. b4 Ne5 17. Qd4 f6 18. f4 Nf7 19. Rfd1 e5 20. fxe5 fxe5 21. Qe3 Qh4 22. Kh2 Qf4+ 23. Qxf4 exf4 24. Rd4 h5 25. Rcd1 Rce8 26. h4 Re6 27. b5 Be8 28. Nd5 Ne5 29.
bxa6 bxa6 30. Nc7 Re7 31. Nxe8+ Rexe8 32. Rxd6 f3 33. gxf3 Nxf3+ 34. Kg3 Ne5 35. c5 a5 36.
R1d5 Nf7 37. Rd7 Rxe4 38. Bf3 Rc4 39. Ra7 Rc3 40. Kg2 Rc2+ 41. Kg3 Rc3 42. c6 Kf6 43. Rd4 g5 44. hxg5+ Kxg5 45. Rxa5+ Kg6 46. Rf4 h4+ 47.
Kxh4 Rh8+ 48. Kg3 Nd6 49. Rd5 Nc8 50. Rd7 Nb6 51. Rd6+ Kg5 52. c7 Rxc7 53. Rxb6 Rc1 54. Rg4+ Kf5 55. Rf4+ Ke5 56. Rb5+ Kd6 57. Rf6+ Ke7 58.
Rg6 Rg1+ 59. Bg2 Rc1 60. Rb7+ Kd8 61. Ra6 Rg8+ 62. Kf2 Rf8+ 63. Ke3 Re8+ 64. Be4 1-0

[Event "Early-Titled-Tuesday-Blitz-October-24-2023"]
[Site "Chess.com"]
[Date "2023.10.24"]
[Round "3"]
[White "GAusal"]
[Black "Kirill_Klukin"]
[Result "1-0"]
[WhiteElo "2287"]
[BlackElo "2639"]
[TimeControl "180+1"]
[EndTime "8:28:31 PDT"]
[Termination "GAusal won by checkmate"]

1. d4 Nf6 2. Nf3 e6 3. c4 Nc6 4. Nc3 Bb4 5. Qc2 d6 6. e3 O-O 7.
a3 Bxc3+ 8. Qxc3 Re8 9. Be2 e5 10. d5 Nb8 11. b4 a5 12. O-O h6 13. Nd2 Bf5 14. f3 axb4 15. axb4 Rxa1 16. Qxa1 Na6 17.
Qa3 Qa8 18. e4 Bd7 19. g4 c6 20. dxc6 bxc6 21. c5 Nc7 22. Qxa8 Rxa8 23. cxd6 Ne6 24. Nc4 Nd4 25. Bd3 Ra4 26. Nxe5 Rxb4 27. Bd2 Rb3 28. Bc4 Rb2 29. Bxf7+ Kf8 30. Be3 c5 31. h4 Ne2+ 32.
Kh2 Nd4+ 33. Kg3 h5 34. g5 Ne2+ 35. Kg2 Nf4+ 36. Kh1 Bh3 37. Ra1 Bg2+ 38. Kg1 Nh3+ 39. Kh2 Bf1+ 40. Kg3 Rg2+ 41. Kxh3 Ra2+ 42. Kg3 Rg2+ 43.
Kf4 Nd7 44. Nxd7+ Kxf7 45. e5 Ke6 46. Nxc5+ Kd5 47. d7 Kc4 48. d8=Q Kc3 49. Ke4 Bc4 50. e6 Re2 51. e7 Bb3 52. e8=Q Bc2+ 53. Ke5 Kb2 54.
Na4+ Kxa1 55. Qd2 Rxd2 56. Bxd2 Bxa4 57. Bf4 Kb2 58. Qf7 Bb3 59. Qxg7 Kc2 60. Qh6 Bc4 61.
Qxh5 Bd3 62. g6 Kd1 63. g7 Ke2 64. g8=Q Kf1 65. Qg3 Be2 66. Bg5 Bxf3 67. Qhxf3# 1-0